nht, chaotic female elven Wizard --- % ..... }}}}} % %% * -------------------- ( $ | [ [ +............%.*H... %% |}--------------------------- ` --- |}}}}}}|........|!%%?([%[% %%%%%%% ! [[[[[[[ |* |.....}|........|[[%[%%%%% !! %%%%%%% [[[[[[[ % ) |.----|....%}|........| [ ) $[ ? |.....|.....)....{....+ ![ ! ( |.---.|..%..}|........| |.| |`......}|........|[%?%[!%%% ! ! ))))))) $ ******* |.| --}}}}}}|........|%[/[%%%%% ?? ))))))) / ******* % |}--------------- ) | [ [ [ [ ) $ % nht the Magician Experience level: 10 Strength: 18/** Dexterity: 13 Constitution: 16 Intelligence: 16 Wisdom: 10 Charisma: 8 Health: 36(89) Energy: 63(102) Def: 4 Gold: 910 Moves: 1044 Dungeon seed: 0p825KPb6ZBQNzHS Game ID: nht_1432368960 Your Inventory: Coins $ - 910 gold pieces Weapons a - a blessed +1 quarterstaff Armor n - an uncursed +0 pair of leather gloves Comestibles B - 4 uncursed food rations C - 2 uncursed slime molds O - an uncursed K-ration Scrolls j - 6 uncursed scrolls of blank paper s - a cursed scroll of blank paper A - an uncursed scroll of stinking cloud F - an uncursed scroll of enchant weapon G - an uncursed scroll of taming R - a cursed scroll of identify S - an uncursed scroll of teleportation T - 2 uncursed scrolls of scare monster U - a blessed scroll of confuse monster V - an uncursed scroll of confuse monster Spellbooks X - a blessed spellbook of blank paper Potions e - an uncursed potion of healing g - an uncursed potion of water m - an uncursed potion of paralysis r - an uncursed potion of full healing Rings c - an uncursed ring of polymorph d - an uncursed ring of regeneration (on right hand) J - an uncursed ring of poison resistance M - a cursed -1 ring of gain constitution P - a blessed ring of polymorph control (on left hand) Wands b - a wand of opening (0:8) h - a wand of magic missile (0:6) k - a wand of magic missile (0:4) l - a wand of teleportation (0:7) u - a wand of undead turning (0:5) w - a wand of speed monster (0:5) E - a wand of probing (0:6) H - a wand of magic missile (0:5) W - a wand of probing (0:7) Y - a wand of polymorph (0:5) Z - a wand of undead turning (0:4) Tools f - an uncursed wooden flute i - a blessed oil lamp (lit) (0:756) o - a magic marker (0:12) p - an uncursed leather drum q - an uncursed oil lamp (0:1113) t - an uncursed towel v - an uncursed skeleton key x - a +0 pick-axe (weapon in hand) z - a +0 unicorn horn Q - an uncursed tallow candle (0:200) Gems N - an uncursed luckstone Spells known in the end: Name Level Category Fail Memory a - force bolt 1 attack 0% 95% b - magic missile 2 attack 0% 95% c - create monster 2 clerical 0% 95% d - detect monsters 1 divination 0% 95% e - restore ability 4 healing 100% 97% f - jumping 1 escape 0% 99% g - sleep 1 enchantment 0% 99% Your skills at the end: Fighting Skills Weapon Skills quarterstaff [Basic] Spellcasting Skills attack spells [Basic] enchantment spells [Basic] Final Attributes: You were piously aligned. You were sleep resistant. You were telepathic. You had infravision. You could teleport. You regenerated. You had polymorph control. You were polymorphed into a minotaur. You were fast. You were lucky. You had extra luck. Bad luck did not time out for you. Good luck did not time out for you. You are dead. Vanquished creatures: a titan a minotaur a vampire lord a nurse a vampire a lieutenant 2 xorns a red naga a carnivorous ape 9 soldiers a chameleon a cockatrice a winter wolf cub a vampire bat an orc mummy an owlbear a yeti a gold golem a giant eel a white unicorn a plains centaur a gnome mummy 2 wood nymphs 3 gnomish wizards a barrow wight a floating eye 4 dwarves a rabid rat 9 killer bees a brown mold a yellow mold 7 gnomes 2 garter snakes a gnome zombie a gecko 4 jackals a kobold 2 goblins a newt 73 creatures vanquished. Voluntary challenges: You used a wielded weapon 101 times, starting on turn 12. You read items or engraved 35 times, starting on turn 6. You never genocided any monsters. You never polymorphed an object. You changed form 5 times, starting on turn 519. You used 1 wish, starting on turn 456. You did not wish for any artifacts. You never split a pudding. You wrote Elbereth's name 8 times, starting on turn 38. You never violated your personal moral code. You disabled loading bones files. Dungeon overview: The Dungeons of Doom: levels 1 to 29 Level 1 a fountain a long staircase Level 2 a fountain Level 3 a fountain Level 4 a fountain stairs to The Gnomish Mines Level 5 (throne) Level 6 Level 7 (chauns) Level 8 Level 9 Level 10 Level 11 Level 12 (temple) Level 13 (chauns) Level 14 Level 15 Level 16 (temple, quest) Level 17 Level 18 Level 19 (temple) Level 20 (bees) Level 21 (blackcorn) a fountain Level 22 Level 23 (bees) Level 24 (graves) Level 25 Level 26 (bees) Level 27 (chauns) Level 28 Level 29 <- You were here a fountain The Gnomish Mines: levels 5 to 7 Level 5 stairs to The Dungeons of Doom Level 6 Level 7 some shops, a temple to Anhur, some fountains History has recorded: On T:1 you entered the Dungeons of Doom to retrieve the Amulet of Yendor! On T:32 you reached level 2 of The Dungeons of Doom. On T:164 you reached level 3 of The Dungeons of Doom. On T:232 you reached level 4 of The Dungeons of Doom. On T:253 you reached level 1 of The Gnomish Mines. On T:259 you advanced to experience level 2. On T:264 you advanced to experience level 3. On T:297 you reached level 3 of The Gnomish Mines. On T:308 you advanced to experience level 4. On T:456 you wished for "blessed ring of polymorph control". On T:555 you advanced to experience level 5. On T:585 you reached level 5 of The Dungeons of Doom. On T:602 you reached level 6 of The Dungeons of Doom. On T:610 you reached level 7 of The Dungeons of Doom. On T:671 you reached level 8 of The Dungeons of Doom. On T:679 you reached level 9 of The Dungeons of Doom. On T:690 you reached level 10 of The Dungeons of Doom. On T:696 you reached level 11 of The Dungeons of Doom. On T:708 you reached level 12 of The Dungeons of Doom. On T:716 you reached level 13 of The Dungeons of Doom. On T:724 you reached level 14 of The Dungeons of Doom. On T:732 you advanced to experience level 6. On T:751 you advanced to experience level 7. On T:778 you reached level 15 of The Dungeons of Doom. On T:786 you reached level 16 of The Dungeons of Doom. On T:795 you reached level 17 of The Dungeons of Doom. On T:807 you reached level 18 of The Dungeons of Doom. On T:815 you reached level 19 of The Dungeons of Doom. On T:824 you reached level 20 of The Dungeons of Doom. On T:834 you reached level 21 of The Dungeons of Doom. On T:873 you reached level 23 of The Dungeons of Doom. On T:881 you reached level 24 of The Dungeons of Doom. On T:888 you reached level 25 of The Dungeons of Doom. On T:896 you reached level 26 of The Dungeons of Doom. On T:903 you reached level 27 of The Dungeons of Doom. On T:954 you reached level 28 of The Dungeons of Doom. On T:956 you advanced to experience level 8. On T:965 you reached The Castle. On T:977 you advanced to experience level 9. On T:1036 you advanced to experience level 10. Score breakdown: Gold: 910 (10067 points) Experience: 10 levels (16712 points) Exploration: 29 levels ( 58.00%) (22677 points) Discoveries: 16 items ( 5.80%) ( 7223 points) Valuables value: (no points given unless you survive) Artifact value: 0 ( 0 points) Variety of kills: 39 monsters ( 10.29%) ( 9623 points) Time penalty: 1044 turns ( 0 points) Survival: died (score multiplied by 80%) Total score: 53041 Latest messages: You turn into a minotaur! You drop a violet gem. The killer bee stings! The air crackles around the barrow wight. x - an uncursed pick-axe. r - an uncursed blue gem. y - an uncursed yellowish brown gem. A yellowish brown gem lands on the altar. You drop an uncursed spellbook of create monster. You sold an uncursed spellbook of create monster for 100 gold pieces. You drop a spellbook of restore ability. You sold a spellbook of restore ability for 200 gold pieces. You drop a potion called or15 (unpaid, 200 zorkmids). You drop a coral ring. You drop a tin whistle. You sold a tin whistle for 5 gold pieces. Touching the cockatrice corpse is a fatal mistake... You turn to stone... Final status: Goodbye nht the Wizard, petrified by picking up a cockatrice corpse... You turned to stone in The Dungeons of Doom on dungeon level 29 with 53041 points, and 910 pieces of gold, after 1044 moves. You were level 10 with a maximum of 69 hit points when you turned to stone.